 Dungeon Crawl Stone Soup version 0.30-a0-1160-g6e42c06551 (webtiles) character file.

Game seed: 11886887351760569423

1942 Newt the Skirmisher (level 9, -2/54 HPs)
             Began as a Kobold Hunter on Apr 26, 2023.
             Was a Priest of Okawaru.
             Killed from afar by a steam dragon (24 damage)
             ... with a ball of steam
             ... on level 8 of the Dungeon.
             The game lasted 00:07:57 (10751 turns).

Newt the Skirmisher (Kobold Hunter)                Turns: 10751, Time: 00:07:59

Health: -2/54      AC:  8    Str:  8    XL:     9   Next: 41%
Magic:  9/9        EV: 14    Int: 11    God:    Okawaru [***...]
Gold:   199        SH: 12    Dex: 22    Spells: 8/8 levels left

rFire   . . .        j - +0 sling
rCold   . . .        k - +1 kite shield
rNeg    . . .        c - +0 leather armour
rPois   .            r - +0 helmet
rElec   .            (no cloak)
rCorr   .            (no gloves)
SInv    .            (no boots)
Will    .....        s - amulet of faith
Stlth   +++          p - +4 ring of protection
HPRegen 0.29/turn    (no ring)
MPRegen 0.11/turn

%: faith
@: lethally poisoned (-2 -> -9)
A: small, no large weapons, nightstalker 3, talons 1, subdued magic 1,
MP-powered wands
a: Renounce Religion, Heroism


You were on level 8 of the Dungeon.
You worshipped Okawaru.
Okawaru was most pleased with you.
You visited 1 branch of the dungeon, and saw 8 of its levels.

You collected 403 gold pieces.
You spent 204 gold pieces at shops.

Inventory:

Hand Weapons
 a - a +0 shortbow
 j - a +0 sling (weapon)
Armour
 c - a +0 leather armour (worn)
 k - a +1 kite shield (worn)
 r - a +0 helmet (worn)
Jewellery
 p - a +4 ring of protection (left hand)
 s - an amulet of faith (around neck)
 y - an amulet of guardian spirit
 A - an amulet of regeneration
Wands
 u - a wand of roots (9)
Scrolls
 b - a scroll of immolation
 f - 2 scrolls of teleportation
 m - a scroll of fog
 q - a scroll of amnesia
 x - a scroll of silence
Potions
 d - 2 potions of lignification
 e - a potion of mutation
 g - 5 potions of curing
 h - 2 potions of cancellation
 i - 3 potions of might
 l - a potion of degeneration
 n - 2 potions of heal wounds
 o - a potion of haste
 t - a potion of ambrosia
 v - 2 potions of brilliance
 w - a potion of berserk rage
 z - a potion of resistance {unknown}
 B - a potion of magic
 C - a potion of flight
 D - 2 potions of attraction {unknown}


   Skills:
 - Level 5.0 Fighting
 + Level 11.9 Ranged Weapons
 - Level 5.0 Dodging
 - Level 1.3 Stealth
 - Level 5.0 Shields


You had 8 spell levels left.
You didn't know any spells.
Your spell library contained the following spells:

 Spells                   Type           Power      Damage    Failure   Level
 Cigotuvi's Dreadful Rot  Necr/Pois/Air  0%         N/A       98%         2
 Lesser Beckoning         Tloc           0%         N/A       98%         2
 Dazzling Flash           Conj/Hex       0%         N/A       100%        3
 Gell's Gravitas          Tloc           0%         N/A       100%        3
 Ignite Poison            Fire/Tmut/Pois 0%         N/A       100%        3
 Ozocubu's Armour         Ice            0%         N/A       100%        3
 Teleport Other           Tloc           0%         N/A       100%        3
 Volatile Blastmotes      Fire/Tloc      0%         2d10      100%        3
 Iskenderun's Mystic Bla  Conj/Tloc      0%         2d3       100%        4
 Passage of Golubria      Tloc           0%         N/A       100%        4
 Freezing Cloud           Conj/Ice/Air   0%         6-21      100%        5
 Silence                  Hex/Air        0%         N/A       100%        5
 Starburst                Conj/Fire      0%         6d3       100%        6
 Ozocubu's Refrigeration  Ice            0%         4d7       100%        7
 Lehudib's Crystal Spear  Conj/Erth      0%         10d2      100%        8


Dungeon Overview and Level Annotations

Branches:
Dungeon (8/15)             Temple (0/1) D:7
   Lair: D:8-11

Altars:
Fedhas
Okawaru
Wu Jian
Yredelemnul
Zin

Shops:
D:6 !


Innate Abilities, Weirdness & Mutations

You are small and have problems with some larger weapons.
You are completely attuned to the shadows.
You have sharp toenails.
Your spells are a little easier to cast, but a little less powerful.
You expend magic power (3 MP) to strengthen your wands.


Message History

The orc is severely wounded.
A warg comes into view.
The orc hits you but does no damage.
You shoot a sling bullet. The sling bullet hits the orc.
You kill the orc!
Okawaru accepts your kill.
The warg pauses to sniff the ground.
An orc priest comes into view.
It is wielding a +2 trident of protection.
Unknown command.
You shoot a sling bullet.
The sling bullet closely misses the steam dragon.
You block the steam dragon's attack. x2; You block the warg's attack.
The warg attacks as you move away! You block the warg's attack.
An orc comes into view. It is wielding a +0 club.
You shoot a sling bullet.
The sling bullet closely misses the warg.
The sling bullet hits the orc priest.
The orc priest is heavily wounded.
You hear an angry buzzing noise.
A killer bee comes into view.
You block the warg's attack. The steam dragon breathes steam at you.
The ball of steam hits you! The warg closely misses you.
You hear a shout!
You hear an angry buzzing noise.
You hear a howl!
The warg attacks as you move away! You block the warg's attack.
The steam dragon attacks as you move away!
You block the steam dragon's attack.
The steam dragon claws you but does no damage.
You are too injured to fight recklessly!
The steam dragon attacks as you move away!
You block the steam dragon's attack. x2
The warg is engulfed in a cloud of scalding steam.
Unknown command.
The killer bee attacks as you move away!
The killer bee stings you.
You are poisoned.
The killer bee poisons you!
You feel sick. The steam dragon breathes steam at you.
The ball of steam hits you!!
You die...

.. .).. #.##..##
##)#.....# #....###.#
#...o....# #.##o§...#
..>...§.D.###############
...##...h§..............#
. #...y@.############.#
#####...... #.# #....####
#.# #.#.... #.# #.#.#.#.
######.# #.#.... #......#
#.#####..#.#.###### #..
#..#.#.# #..#.#.#


You could see a warg, a steam dragon (catching breath), a killer bee, an orc
priest and an orc.

Vanquished Creatures
  Sigmund (D:5)
  A steam dragon (D:7)
  A water moccasin (D:5)
  Duvessa (D:6)
  An orc warrior (D:6)
  An ice beast (D:6)
  A black bear (D:6)
  2 phantoms (D:5)
  Blork the orc (D:5)
  2 bullfrogs
  3 scorpions
  Dowan (D:6)
  A howler monkey (D:6)
  A jelly (D:6)
  2 orc priests
  2 hounds (D:6)
  2 sleepcaps
  3 iguanas
  An orc wizard (D:6)
  2 gnolls (D:4)
  12 adders
  A shadow imp (D:8)
  2 white imps
  2 worms (D:2)
  3 dart slugs
  19 orcs
  5 endoplasms
  3 giant cockroaches
  8 hobgoblins
  A quokka (D:1)
  4 ball pythons
  7 bats
  4 frilled lizards
  10 goblins
  13 kobolds
  8 rats
132 creatures vanquished.

Notes
Turn   | Place    | Note
-------+----------+-------------------------------------------
     0 | D:1      | Newt the Kobold Hunter began the quest for the Orb.
     0 | D:1      | Reached XP level 1. HP: 12/12 MP: 1/1
   121 | D:1      | Reached XP level 2. HP: 18/18 MP: 2/2
   633 | D:1      | Reached XP level 3. HP: 19/23 MP: 3/3
  1314 | D:2      | Found a faded altar of an unknown god.
  1373 | D:2      | Reached XP level 4. HP: 30/30 MP: 4/4
  1626 | D:2      | Prayed at the altar of an unknown god.
  1626 | D:2      | Became a worshipper of Warmaster Okawaru
  1626 | D:2      | Reached * piety under Okawaru
  1758 | D:3      | Noticed a black bear
  1764 | D:2      | HP: 1/30 [quokka (4)]
  2069 | D:3      | Found a glowing silver altar of Zin.
  2342 | D:3      | Reached skill level 5 in Fighting
  2663 | D:3      | Reached XP level 5. HP: 31/35 MP: 5/5
  2848 | D:3      | Reached skill level 6 in Ranged Weapons
  2909 | D:3      | Found a blossoming altar of Fedhas.
  2909 | D:3      | Found an ornate altar of the Wu Jian Council.
  4398 | D:4      | Reached skill level 7 in Ranged Weapons
  4398 | D:4      | Reached XP level 6. HP: 14/40 MP: 6/6
  5278 | D:5      | Entered Level 5 of the Dungeon
  5586 | D:5      | Reached skill level 8 in Ranged Weapons
  5838 | D:5      | Noticed Blork the orc
  5864 | D:5      | Killed Blork the orc
  5865 | D:5      | Reached XP level 7. HP: 31/44 MP: 4/7
  6110 | D:5      | Reached skill level 9 in Ranged Weapons
  6987 | D:5      | Noticed Sigmund
  6993 | D:5      | Killed Sigmund
  6993 | D:5      | Reached ** piety under Okawaru
  6994 | D:5      | Reached skill level 10 in Ranged Weapons
  6994 | D:5      | Reached XP level 8. HP: 49/49 MP: 8/8
  7289 | D:5      | Found a basalt altar of Yredelemnul.
  7406 | D:5      | Reached skill level 5 in Dodging
  7406 | D:5      | Reached skill level 1 in Shields
  8370 | D:6      | Reached *** piety under Okawaru
  8371 | D:6      | Reached XP level 9. HP: 33/54 MP: 9/9
  8612 | D:6      | Reached skill level 5 in Shields
  8708 | D:6      | Found Tisujob's Distillery.
  8714 | D:6      | Bought a potion of flight for 36 gold pieces
  8714 | D:6      | Bought a potion of mutation for 96 gold pieces
  8714 | D:6      | Bought a potion of curing for 36 gold pieces
  8714 | D:6      | Bought a potion of curing for 36 gold pieces
  8714 | D:6      | Gained mutation: Your spells are a little easier to cast,
                  | but a little less powerful. [potion of mutation]
  8714 | D:6      | Lost mutation: Your spells are a little easier to cast, but
                  | a little less powerful. [potion of mutation]
  8768 | D:6      | Noticed Duvessa
  8787 | D:6      | Killed Duvessa
  9066 | D:6      | Gained mutation: Your spells are a little easier to cast,
                  | but a little less powerful. [potion of mutation]
  9066 | D:6      | Gained mutation: You expend magic power (3 MP) to
                  | strengthen your wands. [potion of mutation]
  9066 | D:6      | Gained mutation: You have sharp toenails. [potion of
                  | mutation]
  9109 | D:6      | Noticed Dowan
  9114 | D:6      | Killed Dowan
  9355 | D:7      | Reached skill level 11 in Ranged Weapons
 10406 | D:7      | Found a staircase to the Ecumenical Temple.
 10751 | D:8      | Killed from afar by a steam dragon

Illustrated notes

Levels and vault maps discovered:
D:1:      ncdulo_halloftheorcs, layout_basic
D:2:      layout_basic, basic_ecumenical_altar
D:3:      layout_loops_ring, gammafunk_temple_overflow_elements,
          mainiacjoe_overflow_catwalk
D:4:      corexii_shantytown, layout_layer_cave
D:5:      layout_layer_cave, old_standard_altar, uniq_sigmund,
          uniq_blork_the_orc
D:6:      layout_basic, serial_shops, kennysheep_little_box,
          hangedman_decor_points, minmay_crossroads, uniq_duvessa
D:7:      layout_gridville, minmay_temple_entry_enclosed_plants
D:8:      layout_basic, erik_lair_orcish_takeover, serial_rivers,
          chequers_serial_rivers_room_b, chequers_serial_rivers_large_b,
          chequers_serial_rivers_micro_d, chequers_serial_rivers_micro_c,
          chequers_serial_rivers_micro_a, chequers_serial_rivers_micro_c,
          enter_bailey_5

Skill      XL: |  1  2  3  4  5  6  7  8  9 |
---------------+----------------------------+-----
Fighting       | 3 4 5 |  5.0
Ranged Weapons | 7 8 10 11 | 11.9
Dodging        | 4 5 |  5.0
Shields        | 4 5 |  5.0
Stealth        | |  1.3

Action                     |  1- 3 |  4- 6 |  7- 9 || total
---------------------------+-------+-------+-------++-------
   Fire: Shortbow          |    74 |       |       ||    74
         Sling             |     3 |   298 |   306 ||   607
 Invoke: Heroism           |       |     2 |     1 ||     3
  Evoke: Wand              |       |       |     1 ||     1
    Use: Scroll            |     5 |     8 |     6 ||    19
         Potion            |     2 |     3 |     4 ||     9
 Armour: Leather armour    |     3 |    49 |    67 ||   119
  Dodge: Dodged            |    17 |   126 |   114 ||   257
  Block: Kite shield       |     1 |   100 |   117 ||   218

Table legend: (Time is in decaauts)
 A = Elapsed time spent in this place.
 B = Non-inter-level travel time spent in this place.
 C = Inter-level travel time spent in this place.
 D = Time resting spent in this place.
 E = Time spent auto-exploring this place.
 F = Levels seen in this place.
 G = Mean time per level.
                   A        B        C        D        E       F      G
               +--------+--------+--------+--------+--------+-----+--------+
         Total |  10951 |  10690 |    261 |   3639 |   5794 |   8 | 1368.9 |
       Dungeon |  10951 |  10690 |    261 |   3639 |   5794 |   8 | 1368.9 |
               +--------+--------+--------+--------+--------+-----+--------+

Top non-repeatable levels by time:
     D:5: 2599 daAuts
     D:4: 2294 daAuts
     D:6: 1523 daAuts
     D:7: 1321 daAuts
     D:2: 1126 daAuts
     D:3: 1027 daAuts
     D:1: 964 daAuts
     D:8: 94 daAuts
